AoeStats
← KKKabrera

Arena

510323486Analyzed
2v2 RM · 21h ago on Sep 30, 2026· 41m 49s· 4 players
Game mode
Random Map
Map size
Medium (4 player)
Population
200
Speed
Normal
Resources
Standard
Victory
Conquest
Starting age
Dark Age
Ending age
Imperial Age
RankedLock teamsTeams togetherTeam positionsShared explorationLock speedFull tech treeHidden civsTurbo modeCheats
Victory
Defeat
🇵🇭 Lithuanians · Philippines
602
+14
🇮🇹 Portuguese · Italy
544
+17
🇺🇸 Turks · United States
573
-16
🇨🇱 Spanish · Chile
555
-15
FEARthisDUDE
0:29 Loom
11:17 Feudal Age
11:43 Horse Collar
12:29 Double-Bit Axe
14:32 Wheelbarrow
17:52 Gold Mining
17:55 Stone Mining
23:43 Castle Age
26:11 Bow Saw
27:05 Gold Shaft Mining
27:11 Heavy Plow
30:08 Imperial Age
30:22 Caravan
31:31 Conscription
33:25 Fletching
36:59 Squires
KKKabrera
1:41 Loom
13:28 Feudal Age
15:19 Wheelbarrow
14:29 Town Watch
14:53 Horse Collar
18:30 Padded Archer Armor
19:26 Double-Bit Axe
22:37 Castle Age
21:04 Stone Mining
21:12 Gold Mining
22:15 Fletching
22:32 Scale Barding Armor
24:15 Forging
24:46 Town Patrol
26:32 Hand Cart
26:31 Caravan
26:57 Bodkin Arrow
28:50 Bow Saw
29:20 Stone Shaft Mining
29:46 Husbandry
30:08 Bloodlines
31:41 Fervor
37:45 Imperial Age
37:22 Ballistics
37:13 Masonry
36:58 Murder Holes
38:00 Cavalier
Giampy12
0:37 Loom
14:17 Feudal Age
22:29 Castle Age
21:48 Double-Bit Axe
32:52 Imperial Age
35:58 Sappers
37:21 Coinage
38:30 Chemistry
37:51 Ballistics
37:46 Fortified Wall
39:32 Cavalier
40:13 Husbandry
40:24 Bloodlines
39:34 Light Cavalry
Cederas
9:28 Feudal Age
9:22 Loom
17:19 Castle Age
15:25 Double-Bit Axe
15:40 Horse Collar
20:02 Bow Saw
21:36 Gold Mining
28:00 Wheelbarrow
28:07 Wheelbarrow
27:18 Town Watch
27:19 Loom
27:20 Pikeman
28:00 Squires
30:55 Imperial Age
30:14 Elite Skirmisher
30:59 Thumb Ring
30:15 Crossbowman
30:59 Husbandry
32:48 Bloodlines
33:24 Scale Barding Armor
35:20 Chain Barding Armor
36:56 Scale Mail Armor
37:00 Cavalier
38:30 Forging
41:47 Plate Barding Armor
41:02 Capped Ram
Connection lost

Rejoining the realm…

Still unreachable

The connection could not be restored.

Session expired

The server has moved on; the page needs a fresh start.